 Dungeon Crawl Stone Soup version 0.21.1-1-g345015fe64 (webtiles) character file.

85 Ivernyr the Magician (level 4, 35/35 HPs)
             Began as a Draconian Wizard on May 3, 2018.
             Quit the game on level 2 of the Dungeon.
             The game lasted 00:15:36 (1933 turns).

Ivernyr the Magician (Draconian Wizard)             Turns: 1933, Time: 00:15:37

Health: 35/35      AC:  5    Str: 12    XL:     4   Next: 25%
Magic:  1/9        EV: 12    Int: 19    God:
Gold:   105        SH:  0    Dex:  9    Spells: 1/10 levels left

rFire    . . .     SeeInvis .   a - +1 spear (freeze)
rCold    . . .     Gourm    .   (no shield)
rNeg     . . .     Faith    .   (armour unavailable)
rPois    .         Spirit   .   (helmet restricted)
rElec    .         Reflect  .   (no cloak)
rCorr    .         Harm     .   (no gloves)
MR       .....                  (no boots)
Stlth    ++........             k - amulet of inaccuracy (curse)
HPRegen  0.11/turn              j - +2 ring of strength
MPRegen  0.11/turn              (no ring)

@: no status effects
A: unfitting armour, cold-blooded, AC +5
a: no special abilities


You were on level 2 of the Dungeon.
You were not hungry.

You visited 1 branch of the dungeon, and saw 2 of its levels.

You collected 105 gold pieces.

Inventory:

Hand Weapons
 a - a +1 spear of freezing (weapon)
Jewellery
 j - a +2 ring of strength (left hand)
 k - a cursed amulet of inaccuracy (around neck)
Scrolls
 e - 3 scrolls of teleportation
 f - a scroll of identify
 g - a scroll of immolation
 h - a scroll of noise
Potions
 d - 2 potions of brilliance {unknown}
 i - 2 potions of curing {unknown}
Books
 b - a book of Minor Magic

   Spells                             Type                      Level
   a - Magic Dart                     Conjuration                  1
   b - Blink                          Translocation                2
   c - Call Imp                       Summoning                    2
   d - Slow                           Hexes                        2
   e - Conjure Flame                  Conjuration/Fire             3
   f - Mephitic Cloud                 Conjuration/Poison/Air       3
Comestibles
 c - 4 rations


   Skills:
 + Level 1.6 Fighting
 - Level 2.0 Dodging
 - Level 1.7 Stealth
 + Level 3.8 Spellcasting
 * Level 2.5 Conjurations
   Level 1.0 Summonings
 - Level 1.0 Translocations


You had one spell level left.
You knew the following spells:

 Your Spells              Type           Power        Failure   Level  Hunger
a - Magic Dart            Conj           ##..         4%          1    None
b - Blink                 Tloc           N/A          14%         2    ##.....
c - Conjure Flame         Conj/Fire      #.......     26%         3    ###....
d - Mephitic Cloud        Conj/Pois/Air  #.......     30%         3    ###....


Dungeon Overview and Level Annotations

Branches:
Dungeon (2/15)

Altars:
Wu Jian


Innate Abilities, Weirdness & Mutations

Your plain brown scales are hard. (AC +5)
You cannot fit into any form of body armour.
You are cold-blooded and may be slowed by cold attacks.


Message History

Terence is severely wounded.
Terence hits you with a flail.
Casting: Magic Dart
Confirm with . or Enter, or press ? or * to list all spells.
Aiming: Magic Dart
Press: ? - help, Shift-Dir - straight line, f/p - Terence
Aim: Terence, wielding a flail and wearing a scale mail (severely wounded)
The magic dart hits Terence.
Terence is severely wounded.
Terence closely misses you.
You barely miss Terence. You tail-slap Terence.
Terence is severely wounded.
You closely miss Terence.
Terence is severely wounded.
Terence hits you but does no damage.
You hit Terence. You freeze Terence.
You kill Terence!
You have reached level 4!
You feel stronger.
Are you sure you want to abandon this character and quit the game? (Confirm with "yes".)

### ### #.# #.# #.#### #.####
#....# #....# #.##.# #.#.## #####
####### #.##'####.#.# ###.....
.......###.#.......#.###
...............)@...#.......#....
................#####.[..........
................ #.....##......
................ #.....##......
...##........... #...........#.
..........#.########...........#.
.................................
##...............................
..........................#.#.#<.


There were no monsters in sight!

Vanquished Creatures
  Terence (D:2)
  An adder (D:2)
  A worm (D:1)
  A dart slug (D:1)
  2 leopard geckos (D:1)
  4 bats
  2 giant cockroaches
  7 goblins
  7 hobgoblins
  3 jackals
  5 frilled lizards
  3 kobolds (D:1)
  3 rats
40 creatures vanquished.

Notes
Turn   | Place    | Note
-------+----------+-------------------------------------------
     0 | D:1      | Ivernyr the Draconian Wizard began the quest for the Orb.
     0 | D:1      | Reached XP level 1. HP: 14/14 MP: 4/4
   288 | D:1      | Reached XP level 2. HP: 20/20 MP: 3/6
   963 | D:1      | Reached XP level 3. HP: 4/27 MP: 4/8
  1272 | D:2      | Learned a level 2 spell: Blink
  1276 | D:2      | Learned a level 3 spell: Conjure Flame
  1280 | D:2      | Learned a level 3 spell: Mephitic Cloud
  1282 | D:2      | Reached skill level 1 in Fighting
  1522 | D:2      | Found an ornate altar of the Wu Jian Council.
  1921 | D:2      | Noticed Terence
  1932 | D:2      | Killed Terence
  1932 | D:2      | Reached XP level 4. HP: 35/35 MP: 1/9
  1933 | D:2      | Quit the game

Skill      XL: |  1  2  3 |
---------------+----------+-----
Dodging        | 2 |  2.0
Fighting       | 1 |  1.6
Conjurations   | 2 |  2.5
Stealth        | |  1.7
Spellcasting   | |  3.8
Summonings     | |  1.0
Translocations | |  1.0

Action                   |  1- 3 |  4- 6 || total
-------------------------+-------+-------++-------
Melee: Unarmed           |     8 |       ||     8
       Spear             |    36 |       ||    36
       Tailslap          |     1 |       ||     1
 Cast: Magic Dart        |    93 |       ||    93
  Use: Scroll            |     3 |       ||     3
  Eat: Chunk             |     3 |       ||     3
Armor: Skin              |    22 |       ||    22
Dodge: Dodged            |    49 |       ||    49
